 Dungeon Crawl Stone Soup version 0.28-a0-697-g47f3eba078 (webtiles) character file.

Game seed: 9365911959243032428

140 AttackTheMoon the Ruffian (level 5, -1/53 HPs)
             Began as a Troll Monk on Oct 23, 2021.
             Slain by an orc (7 damage)
             ... on level 3 of the Dungeon.
             The game lasted 00:02:26 (1313 turns).

AttackTheMoon the Ruffian (Troll Monk)              Turns: 1313, Time: 00:02:27

Health: -1/53      AC:  5    Str: 20    XL:     5   Next: 2%
Magic:  4/4        EV: 10    Int:  6    God:
Gold:   105        SH:  0    Dex: 12    Spells: 4/4 levels left

rFire   . . .      SeeInvis .     - Unarmed
rCold   . . .      Faith    .   (no shield)
rNeg    . . .      Spirit   .   a - +0 robe
rPois   .          Reflect  .   (helmet restricted)
rElec   .          Harm     .   i - +0 cloak
rCorr   .          Rampage  .   (gloves unavailable)
Will    .....                   (boots unavailable)
Stlth   ++........              (no amulet)
HPRegen 1.17/turn               d - ring of wizardry
MPRegen 0.09/turn               (no ring)

@: no status effects
A: large, unfitting armour, claws 3, regeneration 1, shaggy fur 1, tough skin 1
a: no special abilities


You were on level 3 of the Dungeon.
You visited 1 branch of the dungeon, and saw 3 of its levels.

You collected 105 gold pieces.

Inventory:

Armour
 a - a +0 robe (worn)
 i - a +0 cloak (worn)
Jewellery
 d - a ring of wizardry (left claw)
Wands
 h - a wand of acid (7)
Potions
 b - 3 potions of curing


   Skills:
 + Level 3.3 Fighting
 + Level 3.3 Dodging
 - Level 1.0 Stealth
 + Level 4.1 Unarmed Combat


You had 4 spell levels left.
You didn't know any spells.
Your spell library contained the following spells:

 Spells                   Type           Power      Damage    Failure   Level
 Foxfire                  Conj/Fire      0%         2x1d4     21%         1
 Conjure Flame            Conj/Fire      0%         6-21      50%         3
 Ignite Poison            Fire/Tmut/Pois 0%         N/A       50%         3
 Inner Flame              Hex/Fire       0%         N/A       50%         3
 Flame Wave               Conj/Fire      0%         3d3       86%         4
 Sticky Flame             Conj/Fire      0%         2d3       86%         4


Dungeon Overview and Level Annotations

Branches:
Dungeon (3/15)

Altars:


Innate Abilities, Weirdness & Mutations

You are too large for most types of armour.
You have claws for hands.
Your natural rate of healing is unusually fast.
You are covered in fur. (AC +1)
You have tough skin. (AC +1)


Message History

You claw the orc wizard!
You kill the orc wizard!
The orc hits you but does no damage.
The orc hits you from afar with a +0 trident.
The orc closely misses you. The orc hits you but does no damage.
Your Unarmed Combat skill increases to level 4!
You scratch the orc but do no damage. The orc closely misses you.
The orc hits you but does no damage. The orc hits you with a +0 club.
The orc hits you but does no damage.
You closely miss the orc. Your claw misses the orc. The orc misses you.
The orc hits you from afar with a +0 trident.
The orc hits you with a +0 club. The orc hits you but does no damage.
You scratch the orc but do no damage. The orc hits you with a +0 flail.
The orc barely misses you. The orc hits you but does no damage.
The orc hits you with a +0 club.
You claw the orc!
You kill the orc!
The orc hits you with a +0 flail! The orc barely misses you.
The orc hits you with a +0 club.
* * * LOW HITPOINT WARNING * * *
You have reached level 5!
You claw the orc!
You kill the orc!
The orc hits you with a +0 flail.
* * * LOW HITPOINT WARNING * * *
The orc hits you but does no damage.
You closely miss the orc. The orc barely misses you. x2
You barely miss the orc.
An orc comes into view. It is wielding a +0 mace.
The orc closely misses you.
The orc hits you from afar with a +0 trident.
* * * LOW HITPOINT WARNING * * *
You scratch the orc.
The orc is moderately wounded.
The orc hits you but does no damage. The orc hits you with a +0 flail!
* * * LOW HITPOINT WARNING * * *
You scratch the orc.
The orc is almost dead.
The orc barely misses you. The orc hits you with a +0 flail!
You die...

,* *.##**,,,,, ,* *******
###########...,,,,*** +****,,,..*
#.............,,,,,*,
,,,**,,,..###.............,,,,,*,
,,,**,,,..................,,,,,*,
,,,**,,,..................,,,,,*,
,,***,,,..........<#********,,,+,
,,*,,,**........)#######********,
,,,,,,,,........@o.o....,,,,,,,,,
,,,,,,,,.......o).......,,,,,,,,,
,**,,,,,.###...#........,,,,,,,,,
******,,,**#...#.##...#.,,**,*,,,
**,,,,,,,,,###....*...#,,,**,*,,,
,,,,,,,,,,,* #....#,..#,,,**,*,,,
,,,,,,,,,,,* #....#,..#,,,,,,,,,,
,,,,,,,,,,,**###...,*##*,,,,,,,,,
,,,,,,,,,,,,,,,,...,,,,,,,,,,,,,,


You could see 3 orcs.

Vanquished Creatures
  Jessica (D:2)
  An orc wizard (D:3)
  4 adders (D:2)
  A dart slug (D:1)
  2 orcs (D:3)
  9 bats
  2 endoplasms (D:1)
  3 giant cockroaches (D:1)
  2 goblins
  6 hobgoblins
  3 jackals (D:1)
  3 kobolds
  3 quokkas
  5 ball pythons
  3 frilled lizards
  A rat (D:1)
49 creatures vanquished.

Notes
Turn   | Place    | Note
-------+----------+-------------------------------------------
     0 | D:1      | AttackTheMoon the Troll Monk began the quest for the Orb.
     0 | D:1      | Reached XP level 1. HP: 22/22 MP: 0/0
    87 | D:1      | Reached XP level 2. HP: 29/29 MP: 1/1
   402 | D:1      | Found a faded altar of an unknown god.
   423 | D:1      | Reached XP level 3. HP: 36/36 MP: 2/2
  1016 | D:2      | Reached XP level 4. HP: 43/45 MP: 3/3
  1104 | D:2      | Noticed Jessica
  1109 | D:2      | Killed Jessica
  1303 | D:3      | Reached skill level 4 in Unarmed Combat
  1307 | D:3      | Reached XP level 5. HP: 16/53 MP: 4/4
  1313 | D:3      | Slain by an orc

Illustrated notes

Levels and vault maps discovered:
D:1:      ncdulo_halloftheorcs, layout_loops_ring,
          hellmonk_ecumenical_altar_lost_god
D:2:      layout_rooms, minivault_25, minmay_misc_feat_room, uniq_jessica
D:3:      layout_basic, portal_sewer_entry_e

Skill      XL: |  1  2  3  4 |
---------------+-------------+-----
Fighting       | 3 |  3.3
Dodging        | 3 |  3.3
Unarmed Combat | 4 |  4.1
Stealth        | |  1.0

Action                   |  1- 3 |  4- 6 || total
-------------------------+-------+-------++-------
Melee: Unarmed           |    95 |    28 ||   123
       Punch             |       |     1 ||     1
  Use: Scroll            |     5 |     4 ||     9
 Stab: Sleeping          |     7 |       ||     7
Armor: Robe              |    34 |    17 ||    51
Dodge: Dodged            |    41 |    24 ||    65

Table legend: (Time is in decaauts)
 A = Elapsed time spent in this place.
 B = Non-inter-level travel time spent in this place.
 C = Inter-level travel time spent in this place.
 D = Time resting spent in this place.
 E = Time spent auto-exploring this place.
 F = Levels seen in this place.
 G = Mean time per level.
                   A        B        C        D        E       F      G
               +--------+--------+--------+--------+--------+-----+--------+
         Total |   1305 |   1208 |     97 |      0 |    879 |   3 |  435.0 |
       Dungeon |   1305 |   1208 |     97 |      0 |    879 |   3 |  435.0 |
               +--------+--------+--------+--------+--------+-----+--------+

Top non-repeatable levels by time:
     D:1: 837 daAuts
     D:2: 445 daAuts
     D:3: 21 daAuts
